 Dungeon Crawl Stone Soup version 0.21-a0-442-g848f44b (webtiles) character file.

30 slep the Chucker (level 3, -1/27 HPs)
             Began as a Demonspawn Hunter on Nov 14, 2017.
             Slain by a kobold
             ... wielding a +0 whip
              (3 damage)
             ... on level 2 of the Dungeon.
             The game lasted 00:01:45 (343 turns).

slep the Chucker (Demonspawn Hunter)                 Turns: 343, Time: 00:01:45

Health: -1/27      AC:  4    Str: 12    XL:     3   Next: 3%
Magic:  3/3        EV: 12    Int: 12    God:
Gold:   39         SH:  0    Dex: 14    Spells: 2/2 levels left

rFire    . . .     SeeInvis .   a - +0 short sword
rCold    . . .     Gourm    .   (no shield)
rNeg     . . .     Faith    .   b - +0 leather armour
rPois    .         Spirit   .   (no helmet)
rElec    .         Reflect  .   (no cloak)
rCorr    .         Harm     .   (no gloves)
MR       .....                  e - +0 pair of boots
Stlth    ++........             (no amulet)
HPRegen  0.09/turn              (no ring)
MPRegen  0.08/turn              (no ring)

@: no status effects
A: nightstalker 1, powered by death 1
a: no special abilities


You were on level 2 of the Dungeon.
You were not hungry.

You visited 1 branch of the dungeon, and saw 2 of its levels.

You collected 39 gold pieces.

Inventory:

Hand Weapons
 a - a +0 short sword (weapon)
Missiles
 c - 6 javelins (quivered)
 d - 2 throwing nets
Armour
 b - a +0 leather armour (worn)
 e - a +0 pair of boots (worn)
Scrolls
 h - a scroll of magic mapping {unknown}
 l - a scroll of remove curse {unknown}
Potions
 m - a potion of might {unknown}
Comestibles
 f - a bread ration
 i - 2 fruits
 j - a meat ration
 k - a royal jelly


   Skills:
 + Level 2.1 Fighting
 + Level 0.5 Short Blades
 + Level 4.3 Throwing
 + Level 1.9 Dodging
 + Level 0.8 Stealth


You had 2 spell levels left.
You didn't know any spells.

Dungeon Overview and Level Annotations

Branches:
Dungeon (2/15)

Altars:


Innate Abilities, Weirdness & Mutations

You are slightly more attuned to the shadows.
You regenerate a little health from kills.


Message History

The kobold throws a stone.
The stone barely misses you. The kobold barely misses you.
You closely miss the kobold. The kobold hits you with a whip.
The kobold closely misses you.
You miss the kobold. The kobold hits you with a whip.
You hit the kobold.
The kobold is moderately wounded.
The kobold hits you with a whip.
You closely miss the kobold.
The kobold is moderately wounded.
The kobold hits you with a whip.
* * * LOW HITPOINT WARNING * * *
You hit the kobold but do no damage.
The kobold is moderately wounded.
The kobold hits you with a whip.
* * * LOW HITPOINT WARNING * * *
You hit the kobold but do no damage.
The kobold is moderately wounded.
The kobold hits you with a whip.
You die...

### ..# #.# #.#
#.#
#######.#########
.....(..(.@Kw?...
#####'##########
#......# #......#
#......# #.
#......# ..
#......# #.
#......#
###.###......#


You could see a dart slug and a kobold.

Vanquished Creatures
  An adder (D:2)
  An ooze (D:2)
  A leopard gecko (D:2)
  A giant cockroach (D:2)
  2 hobgoblins (D:2)
  3 jackals (D:2)
  A quokka (D:2)
  A frilled lizard (D:2)
  2 goblins (D:2)
  2 kobolds (D:2)
15 creatures vanquished.

Notes
Turn   | Place    | Note
-------+----------+-------------------------------------------
     0 | D:1      | slep the Demonspawn Hunter began the quest for the Orb.
     0 | D:1      | Reached XP level 1. HP: 16/16 MP: 1/1
    39 | D:2      | Reached skill level 4 in Throwing
    39 | D:2      | Gained mutation: You regenerate a little health from kills. [demonic ancestry]
    39 | D:2      | Reached XP level 2. HP: 21/22 MP: 2/2
   156 | D:2      | HP: 1/22 [kobold/short sword (5)]
   310 | D:2      | Gained mutation: You are slightly more attuned to the shadows. [demonic ancestry]
   310 | D:2      | Reached XP level 3. HP: 19/27 MP: 3/3
   343 | D:2      | Slain by a kobold

Vault maps used:
D:1:      dpeg_arrival_lava_temple_mockup
D:2:      minmay_misc_feat_iff, uniq_terence

Skill      XL: |  1 |
---------------+----+-----
Throwing       | 4 |  4.3
Fighting       | |  2.1
Short Blades   | |  0.5
Dodging        | |  1.9
Stealth        | |  0.8

Action                   || total
-------------------------++-------
Melee: Short sword       ||    69
  Use: Potion            ||     1
Armor: Leather armour    ||    20
Dodge: Dodged            ||    36

Table legend:
 A = Spawn XP
 B = Non-spawn XP
 C = Spawn XP percentage of total XP
 D = Spawn monster count
 E = Non-spawn monster count
 F = Spawn count percentage of total count
 G = Total turns spent on level
                    A         B        C        D         E        F      G
               +---------+---------+-------+---------+---------+-------+---------
         Total |       0 |      43 |   0.0 |       0 |      15 |   0.0 |   343
               +---------+---------+-------+---------+---------+-------+---------
           D:2 |       0 |      43 |   0.0 |       0 |      15 |   0.0 |   309
               +---------+---------+-------+---------+---------+-------+---------
